 Seeded DCSS version 0.29.1-15-g9cfb28693d (webtiles) character file.

Game seed: 2059698873584764700 (custom seed)

1125 Gelion the Digger (level 8, -2/46 HPs)
             Began as a Deep Elf Earth Elementalist on Mar 23, 2023.
             Slain by a lemure (6 damage)
             ... led by Pikel
             ... on level 5 of the Dungeon.
             The game lasted 00:09:15 (4495 turns).

Gelion the Digger (Deep Elf Earth Elementalist)     Turns: 4495, Time: 00:09:16

Health: -2/46      AC:  8    Str:  5    XL:     8   Next: 13%
Magic:  1/18       EV: 13    Int: 23    God:
Gold:   335        SH:  0    Dex: 21    Spells: 12/18 levels left

rFire   . . .      SeeInvis .   g - +2 whip (elec)
rCold   . . .      Faith    .   (no shield)
rNeg    . . .      Spirit   .   a - +0 robe
rPois   .          Reflect  .   (no helmet)
rElec   .          Harm     .   h - +0 cloak
rCorr   .          Rampage  .   d - +0 pair of gloves
Will    .....                   (no boots)
Stlth   ++........              n - amulet of regeneration
HPRegen 0.95/turn               p - +6 ring of dexterity
MPRegen 0.16/turn               t - +4 ring of protection

@: about to teleport
A: no striking features
a: no special abilities


You were on level 5 of the Dungeon.
You visited 1 branch of the dungeon, and saw 5 of its levels.

You collected 335 gold pieces.

Inventory:

Hand Weapons
 g - a +2 whip of electrocution (weapon)
Armour
 a - a +0 robe (worn)
 d - a +0 pair of gloves (worn)
 h - a +0 cloak (worn)
Jewellery
 n - an amulet of regeneration (around neck)
 p - a +6 ring of dexterity (left hand)
 t - a +4 ring of protection (right hand)
Scrolls
 c - 2 scrolls of vulnerability {unknown}
 i - 2 scrolls of teleportation
 j - 2 scrolls of fog {unknown}
 k - a scroll of blinking {unknown}
 l - a scroll of silence {unknown}
 m - a scroll of summoning {unknown}
 o - 3 scrolls of identify
 u - 2 scrolls of amnesia {unknown}
 v - 2 scrolls of immolation {unknown}
 x - 2 scrolls of noise {unknown}
 y - a scroll of enchant weapon {unknown}
Potions
 b - a potion of magic
 e - a potion of mutation {unknown}
 f - 2 potions of degeneration {unknown}
 q - a potion of cancellation {unknown}
 r - a potion of haste {unknown}
 s - 3 potions of brilliance
 w - a potion of ambrosia {unknown}
 z - a potion of attraction {unknown}
 A - a potion of heal wounds {unknown}


   Skills:
 + Level 3.1 Fighting
 - Level 2.4 Dodging
 - Level 2.4 Stealth
 + Level 5.9 Spellcasting
 + Level 3.5 Conjurations
 + Level 3.9 Necromancy
 - Level 2.0 Transmutations
 * Level 7.1 Earth Magic


You had 12 spell levels left.
You knew the following spells:

 Your Spells              Type           Power      Damage    Failure   Level
a - Sandblast             Erth           78%        2d17      1%          1
b - Stone Arrow           Conj/Erth      62%        3d10      3%          3
c - Sublimation of Blood  Necr           24%        N/A       2%          2

Your spell library contained the following spells:

 Spells                   Type           Power      Damage    Failure   Level
 Passwall                 Tmut/Erth      22%        N/A       1%          2
 Wereblood                Tmut           16%        N/A       5%          2
 Freeze                   Ice            24%        1d5       9%          1
 Petrify                  Tmut/Erth      27%        N/A       13%         4
 Frozen Ramparts          Ice            12%        1d2       26%         3
 Hailstorm                Conj/Ice       14%        3d5       38%         4
 Iskenderun's Battlesphe  Conj           22%        2d8       50%         5
 Iron Shot                Conj/Erth      15%        9d4       83%         6
 Spellforged Servitor     Conj/Summ      7%         N/A       100%        7
 Summon Hydra             Summ           3%         N/A       100%        7


Dungeon Overview and Level Annotations

Branches:
Dungeon (5/15)
 Temple: D:4-7

Altars:
Fedhas
Sif Muna

Shops:
D:1 ((

Annotations:
D:5 Pikel


Message History

Grinder gestures at you. Pain shoots through your body!
You can move again.
Unknown command.
Casting: Stone Arrow (dangerous; 3% risk of failure)
Confirm with . or Enter, or press ? or * to list all spells.
Aiming: Stone Arrow (dangerous; 3% risk of failure)
Press: ? - help, Shift-Dir - straight line, f/p - Grinder
Aim: Grinder (severely wounded, 68% to hit)
The stone arrow misses Grinder.
Grinder hits you!
You writhe in agony.
Pikel zaps a wand.
Your mind is blasted!
* * * LOW HITPOINT WARNING * * *
Unknown command.
Casting: Stone Arrow (dangerous; 3% risk of failure)
Confirm with . or Enter, or press ? or * to list all spells.
Aiming: Stone Arrow (dangerous; 3% risk of failure)
Press: ? - help, Shift-Dir - straight line, f/p - Grinder
Aim: Grinder (severely wounded, 68% to hit)
The stone arrow hits Grinder!!
You kill Grinder!
Pikel hits you with a +2 whip of freezing.
* * * LOW HITPOINT WARNING * * *
Pikel freezes you.
* * * LOW HITPOINT WARNING * * *
Your Fighting skill increases to level 3!
Your Earth Magic skill increases to level 7!
You have reached level 8!
You feel clever.
As you read the scroll labelled YMULLI REIXULO, it crumbles to dust.
It is a scroll of identify.
s - 3 potions of brilliance Pikel closely misses you.
As you read the scroll labelled KIQORO YTHRANA, it crumbles to dust.
You feel strangely unstable.
It was a scroll of teleportation.
Pikel hits you with a +2 whip of freezing.
* * * LOW HITPOINT WARNING * * *
Pikel freezes you.
* * * LOW HITPOINT WARNING * * *
The lemure hits you.
You die...

####### ##..#....#
...#....# 5.
#..#....#....
..#...5.?.K5 #[##.#
#+#####.##.##
#.....)..5K.#
#........@..# .
#...........# ..
#...........# ...
#...........#
...######.))########
.......##...#
.......'....#
.......#....# ...
.......#....#....


You could see Pikel and a lemure.

Vanquished Creatures
  Grinder (D:5)
  An ogre (D:5)
  A phantom (D:5)
  Blork the orc (D:4)
  2 necrophages (D:4)
  A scorpion (D:4)
  3 wights (D:5)
  4 orc priests
  An iguana (D:5)
  An orc wizard (D:5)
  Natasha (thrice) (D:4)
  3 adders
  A white imp (D:5)
  An ufetubus (D:5)
  2 worms
  2 dart slugs
  10 orcs
  4 endoplasms
  6 giant cockroaches
  4 goblins
  7 hobgoblins
  4 jackals (D:2)
  4 kobolds
  4 quokkas
  2 ball pythons
  6 bats
  5 frilled lizards
  6 rats
90 creatures vanquished.

Notes
Turn   | Place    | Note
-------+----------+-------------------------------------------
     0 | D:1      | Gelion the Deep Elf Earth Elementalist began the quest for
                  | the Orb.
     0 | D:1      | Reached XP level 1. HP: 10/10 MP: 6/6
   241 | D:1      | Found Vemy's Weapon Emporium.
   408 | D:1      | Reached XP level 2. HP: 16/16 MP: 6/8
   578 | D:1      | Found Dyful's Antique Weapon Shop.
  1284 | D:2      | Found a blossoming altar of Fedhas.
  1445 | D:2      | Reached XP level 3. HP: 20/20 MP: 9/9
  1495 | D:2      | Reached skill level 4 in Earth Magic
  1708 | D:2      | Reached skill level 1 in Fighting
  2603 | D:3      | Reached XP level 4. HP: 25/25 MP: 8/11
  2672 | D:3      | Learned a level 3 spell: Stone Arrow
  2675 | D:3      | Learned a level 2 spell: Sublimation of Blood
  2691 | D:3      | Reached skill level 1 in Necromancy
  2787 | D:3      | Found a shimmering blue altar of Sif Muna.
  2789 | D:3      | Found a faded altar of an unknown god.
  3007 | D:3      | Reached XP level 5. HP: 29/29 MP: 11/13
  3124 | D:4      | Noticed Natasha
  3128 | D:4      | Killed Natasha
  3129 | D:4      | Reached skill level 1 in Conjurations
  3147 | D:4      | Reached skill level 5 in Earth Magic
  3163 | D:4      | Noticed Natasha
  3165 | D:4      | Killed Natasha
  3169 | D:4      | Reached XP level 6. HP: 35/35 MP: 7/14
  3223 | D:4      | Noticed Natasha
  3227 | D:4      | Killed Natasha
  3249 | D:4      | Noticed Blork the orc
  3255 | D:4      | Killed Blork the orc
  3700 | D:4      | Identified the +9 dagger of Embarrassment {vorpal, Will+}
  3729 | D:4      | You fall into a shaft and drop 1 floor!
  3729 | D:5      | Entered Level 5 of the Dungeon
  3761 | D:5      | Reached skill level 6 in Earth Magic
  3761 | D:5      | Reached XP level 7. HP: 31/40 MP: 12/16
  3762 | D:5      | Reached skill level 5 in Spellcasting
  4479 | D:5      | Noticed Grinder
  4480 | D:5      | Noticed Pikel
  4487 | D:5      | Paralysed by Grinder for 5 turns
  4493 | D:5      | Killed Grinder
  4494 | D:5      | Reached skill level 7 in Earth Magic
  4494 | D:5      | Reached XP level 8. HP: 11/46 MP: 0/18
  4495 | D:5      | Slain by a lemure

Illustrated notes

Levels and vault maps discovered:
D:1:      dpeg_arrival_prison, layout_loops_ring, serial_shops, shop,
          nicolae_shop_bloodbath_and_beyond, minmay_pentomino_s4
D:2:      layout_basic, basic_altar, roderic_serpentine_path,
          nicolae_kite_square_tiling_tiny, st_stairs_6,
          chequers_decorated_corner, minmay_puff
D:3:      layout_basic, nicolae_sif_muna_condensation,
          ebering_ecumenical_altar_abandoned
D:4:      layout_basic, small_statue_intersection, uniq_blork_the_orc,
          uniq_natasha
D:5:      layout_gridville, kennysheep_mini, dk_noncrumbling_3,
          grunt_ministairs_15, uniq_grinder, uniq_ijyb, uniq_sigmund, uniq_pikel

Skill      XL: |  1  2  3  4  5  6  7 |
---------------+----------------------+-----
Earth Magic    | 4 5 6 7 |  7.1
Fighting       | 1 2 3 |  3.1
Transmutations | 2 |  2.0
Spellcasting   | 4 5 |  5.9
Necromancy     | 1 2 3 |  3.9
Conjurations   | 1 2 3 |  3.5
Dodging        | |  2.4
Stealth        | |  2.4

Action                   |  1- 3 |  4- 6 |  7- 9 || total
-------------------------+-------+-------+-------++-------
Melee: Unarmed           |     1 |       |       ||     1
       Whip              |    34 |       |       ||    34
 Cast: Sandblast         |    61 |    48 |    36 ||   145
       Stone Arrow       |       |       |     6 ||     6
  Use: Scroll            |       |       |     2 ||     2
 Stab: Sleeping          |     3 |       |       ||     3
Armor: Robe              |    18 |     6 |    11 ||    35
Dodge: Dodged            |    42 |    11 |    36 ||    89
